cohdb
Replays
Latest Replays
All Replays
Popular Replays
Top Player Replays
Match Explorer
How It Works
Community
CoH3 Stats
Reddit
Sign in to upload your games and track your stats! →
Sign in with Steam
Match 24925750
Unlisted
Match 24925750
Overview
Messages
Build Orders
End
Construct Section Command Post
Infantry Section
Selects Air and Sea Battlegroup
Dingo Light Scout Car
Infantry Section
Construct Platoon Command Post
Selects Commando Section Paradrop
Grenade Package
6-pounder Anti-tank Gun Team
Selects Commando LMG Section Paradrop
Commando LMG Section Paradrop
Selects Supply Surplus
Unlock Bishop Self-propelled Artillery
Bishop Self-propelled Artillery
Bishop Self-propelled Artillery
Infantry Training
Hevsik
Ahri The Crooked Arwoo
Ѧℓρɦɚ
Boneless
Der schöne Bob
Razvaljena-veverica
General_Watcher
Grinch
0
0
Comments
sign in to comment!
No comments posted yet!